TOP OF THE 1ST |
Vermont Lake Monsters batting - Pitching for Scranton Supernovas : LHP Sammy Nash
|
Pitching: LHP Sammy Nash
|
|
Batting: RHB Rafael Pueblo
|
0-0: Fly out, F4 (Popup, 4)
|
Batting: RHB Bronson Nicholls
|
0-0: Ball 1-0: Ball 2-0: Ball 3-0: Called Strike 3-1: Ground out 4-3 (Groundball, 4)
|
Batting: RHB Ray John
|
0-0: Called Strike 0-1: Fly out, F3 (Line Drive, 3)
|
Top of the 1st over - 0 run(s), 0 hit(s), 0 error(s), 0 left on base; Vermont 0 - Scranton 0 |
BOTTOM OF THE 1ST |
Scranton Supernovas batting - Pitching for Vermont Lake Monsters : RHP Rafael Rodríguez
|
Pitching: RHP Rafael Rodríguez
|
|
Batting: RHB Arturo Maldonado
|
0-0: Ball 1-0: Fly out, F4 (Line Drive, 4)
|
Batting: RHB Pedro Rivera
|
0-0: Ball 1-0: Foul Ball, location: 2F 1-1: Swinging Strike 1-2: Strikes out swinging, 2-3 out at first.
|
Batting: LHB Héctor Torres
|
0-0: Called Strike 0-1: Ball 1-1: Foul Ball, location: 2F 1-2: Strikes out swinging
|
Bottom of the 1st over - 0 run(s), 0 hit(s), 0 error(s), 0 left on base; Vermont 0 - Scranton 0 |
TOP OF THE 2ND |
Vermont Lake Monsters batting - Pitching for Scranton Supernovas : LHP Sammy Nash
|
Batting: RHB Sean MacKnight
|
0-0: Ball 1-0: Called Strike 1-1: Ball 2-1: Foul Ball, location: 2F 2-2: Fly out, F7 (Flyball, 7LSF)
|
Batting: LHB Tim Hill
|
0-0: Foul Ball, location: 2F 0-1: Foul Ball, location: 2F 0-2: Strikes out looking
|
Batting: RHB Domenic Gallard
|
0-0: Called Strike 0-1: Foul Ball, location: 2F 0-2: Strikes out looking
|
Top of the 2nd over - 0 run(s), 0 hit(s), 0 error(s), 0 left on base; Vermont 0 - Scranton 0 |
BOTTOM OF THE 2ND |
Scranton Supernovas batting - Pitching for Vermont Lake Monsters : RHP Rafael Rodríguez
|
Batting: RHB Brad Jacobson
|
0-0: Called Strike 0-1: Ball 1-1: SINGLE (Groundball, 56D)
|
Batting: RHB Arturo Rochel
|
0-0: Called Strike 0-1: Called Strike 0-2: Ground out U3 (Groundball, 3) Brad Jacobson to second
|
Batting: LHB Francisco Ortega
|
0-0: Fly out, F4 (Line Drive, 4)
|
Batting: RHB Henrique Shearman
|
0-0: Ball 1-0: Ball 2-0: Ball 3-0: Base on Balls
|
Batting: RHB Chris Henderson
|
0-0: Called Strike 0-1: Called Strike 0-2: Fielders Choice at 2nd, 4-6 (Groundball, 4)
|
Bottom of the 2nd over - 0 run(s), 1 hit(s), 0 error(s), 1 left on base; Vermont 0 - Scranton 0 |
TOP OF THE 3RD |
Vermont Lake Monsters batting - Pitching for Scranton Supernovas : LHP Sammy Nash
|
Batting: RHB Barkley B. Cooltimes
|
0-0: Ball 1-0: Fly out, F9 (Flyball, 9S)
|
Batting: RHB Chuck Wolf
|
0-0: Reached on error, E6 (Groundball, 6)
|
Batting: RHB Fernando Castro
|
0-0: Ball 1-0: Ball 2-0: Foul Ball, location: 2F 2-1: Fly out, F7 (Line Drive, 7S)
|
Batting: RHB Rafael Pueblo
|
0-0: Swinging Strike 0-1: Foul Ball, location: 2F 0-2: Ball 1-2: Foul Ball, location: 2F 1-2: Ball 2-2: Fly out, F9 (Flyball, 9S)
|
Top of the 3rd over - 0 run(s), 0 hit(s), 1 error(s), 1 left on base; Vermont 0 - Scranton 0 |
BOTTOM OF THE 3RD |
Scranton Supernovas batting - Pitching for Vermont Lake Monsters : RHP Rafael Rodríguez
|
Batting: RHB Marty Hayden
|
0-0: Called Strike 0-1: Bunt missed! 0-2: Ball 1-2: Strikes out looking
|
Batting: RHB Arturo Maldonado
|
0-0: Ground out 3-1 (Groundball, 34S)
|
Batting: RHB Pedro Rivera
|
0-0: Called Strike 0-1: Ball 1-1: Ground out 5-3 (Groundball, 5L)
|
Bottom of the 3rd over - 0 run(s), 0 hit(s), 0 error(s), 0 left on base; Vermont 0 - Scranton 0 |
TOP OF THE 4TH |
Vermont Lake Monsters batting - Pitching for Scranton Supernovas : LHP Sammy Nash
|
Batting: RHB Bronson Nicholls
|
0-0: Ball 1-0: Ball 2-0: Foul Ball, location: 2F 2-1: Foul Ball, location: 2F 2-2: Ground out 6-3 (Groundball, 6)
|
Batting: RHB Ray John
|
0-0: Foul Ball, location: 2F 0-1: Ball 1-1: SINGLE (Groundball, 34D)
|
Batting: RHB Sean MacKnight
|
0-0: Called Strike 0-1: Grounds into double play, 6-4-3 (Groundball, 6)
|
Top of the 4th over - 0 run(s), 1 hit(s), 0 error(s), 0 left on base; Vermont 0 - Scranton 0 |
BOTTOM OF THE 4TH |
Scranton Supernovas batting - Pitching for Vermont Lake Monsters : RHP Rafael Rodríguez
|
Batting: LHB Héctor Torres
|
0-0: Fly out, F9 (Flyball, 9D)
|
Batting: RHB Brad Jacobson
|
0-0: Called Strike 0-1: Fly out, F9 (Flyball, 9LS)
|
Batting: RHB Arturo Rochel
|
0-0: Hit by Pitch
|
Batting: LHB Francisco Ortega
|
0-0: SINGLE (Line Drive, 89M) Arturo Rochel to second Runner from 2nd tries for 3rd, SAFE, throw made to third Francisco Ortega to second
|
Batting: RHB Henrique Shearman
|
0-0: Ball 1-0: Called Strike 1-1: Ground out 1-3 (Groundball, 15S)
|
Bottom of the 4th over - 0 run(s), 1 hit(s), 0 error(s), 2 left on base; Vermont 0 - Scranton 0 |
TOP OF THE 5TH |
Vermont Lake Monsters batting - Pitching for Scranton Supernovas : LHP Sammy Nash
|
Batting: LHB Tim Hill
|
0-0: Ball 1-0: Foul Ball, location: 2F 1-1: Ball 2-1: Ball 3-1: Called Strike 3-2: Foul Ball, location: 2F 3-2: Base on Balls
|
Batting: RHB Domenic Gallard
|
0-0: Ball 1-0: Swinging Strike 1-1: Swinging Strike 1-2: Ball 2-2: Strikes out swinging
|
Batting: RHB Barkley B. Cooltimes
|
0-0: Ball 1-0: Called Strike 1-1: Foul Ball, location: 2F 1-2: Ball 2-2: Foul Ball, location: 2F 2-2: Foul Ball, location: 2F 2-2: Ball 3-2: Grounds into double play, 6-4-3 (Groundball, 6)
|
Top of the 5th over - 0 run(s), 0 hit(s), 0 error(s), 0 left on base; Vermont 0 - Scranton 0 |
BOTTOM OF THE 5TH |
Scranton Supernovas batting - Pitching for Vermont Lake Monsters : RHP Rafael Rodríguez
|
Batting: RHB Chris Henderson
|
0-0: Bunt for hit - play at first, batter OUT! 1-3
|
Batting: RHB Marty Hayden
|
0-0: Called Strike 0-1: Ball 1-1: Bunted foul 1-2: Ball 2-2: Foul Ball, location: 2F 2-2: Foul Ball, location: 2F 2-2: Ball 3-2: Strikes out swinging
|
Batting: RHB Arturo Maldonado
|
0-0: Called Strike 0-1: SOLO HOME RUN (Line Drive, 8LXD), Distance : 460 ft
|
Batting: RHB Pedro Rivera
|
0-0: Ball 1-0: Ball 2-0: Ground out 5-3 (Groundball, 56S)
|
Bottom of the 5th over - 1 run(s), 1 hit(s), 0 error(s), 0 left on base; Vermont 0 - Scranton 1 |
TOP OF THE 6TH |
Vermont Lake Monsters batting - Pitching for Scranton Supernovas : LHP Sammy Nash
|
Batting: RHB Chuck Wolf
|
0-0: Ball 1-0: Ball 2-0: Called Strike 2-1: Ball 3-1: Foul Ball, location: 2F 3-2: Foul Ball, location: 2F 3-2: Fly out, F8 (Flyball, 8LM)
|
Batting: RHB Fernando Castro
|
0-0: Ground out 5-3 (Groundball, 56)
|
Batting: RHB Rafael Pueblo
|
0-0: Fly out, F7 (Flyball, 7)
|
Top of the 6th over - 0 run(s), 0 hit(s), 0 error(s), 0 left on base; Vermont 0 - Scranton 1 |
BOTTOM OF THE 6TH |
Scranton Supernovas batting - Pitching for Vermont Lake Monsters : RHP Rafael Rodríguez
|
Batting: LHB Héctor Torres
|
0-0: Ball 1-0: Swinging Strike 1-1: Ball 2-1: Fly out, F4 (Line Drive, 4)
|
Batting: RHB Brad Jacobson
|
0-0: Ball 1-0: Called Strike 1-1: Ball 2-1: Ball 3-1: Foul Ball, location: 2F 3-2: Base on Balls
|
Batting: RHB Arturo Rochel
|
0-0: Fly out, F9 (Flyball, 9S)
|
Batting: LHB Francisco Ortega
|
0-0: Ground out 3-1 (Groundball, 34S)
|
Bottom of the 6th over - 0 run(s), 0 hit(s), 0 error(s), 1 left on base; Vermont 0 - Scranton 1 |
TOP OF THE 7TH |
Vermont Lake Monsters batting - Pitching for Scranton Supernovas : LHP Sammy Nash
|
Batting: RHB Bronson Nicholls
|
0-0: Ball 1-0: Ball 2-0: SINGLE (Groundball, 4M) (infield hit)
|
Batting: RHB Ray John
|
0-0: Ball 1-0: Ball 2-0: Foul Ball, location: 2F 2-1: 2-RUN HOME RUN (Flyball, 7D), Distance : 386 ft
|
Batting: RHB Sean MacKnight
|
0-0: Ball 1-0: Ground out 6-3 (Groundball, 6)
|
Batting: LHB Tim Hill
|
0-0: Ground out U3 (Groundball, 3)
|
Batting: RHB Domenic Gallard
|
0-0: Ground out 3-1 (Groundball, 34S)
|
Top of the 7th over - 2 run(s), 2 hit(s), 0 error(s), 0 left on base; Vermont 2 - Scranton 1 |
BOTTOM OF THE 7TH |
Scranton Supernovas batting - Pitching for Vermont Lake Monsters : RHP Rafael Rodríguez
|
Batting: RHB Henrique Shearman
|
0-0: Called Strike 0-1: Swinging Strike 0-2: Ball 1-2: Strikes out looking
|
Batting: RHB Chris Henderson
|
0-0: Ball 1-0: Called Strike 1-1: Foul Ball, location: 2F 1-2: Ball 2-2: Strikes out swinging
|
Batting: RHB Marty Hayden
|
0-0: Foul Ball, location: 2F 0-1: Called Strike 0-2: Strikes out swinging
|
Bottom of the 7th over - 0 run(s), 0 hit(s), 0 error(s), 0 left on base; Vermont 2 - Scranton 1 |
TOP OF THE 8TH |
Vermont Lake Monsters batting - Pitching for Scranton Supernovas : LHP Sammy Nash
|
Batting: RHB Barkley B. Cooltimes
|
0-0: Ball 1-0: Ball 2-0: Ball 3-0: Called Strike 3-1: TRIPLE (Flyball, 7LD)
|
Batting: RHB Chuck Wolf
|
0-0: Intentional Walk
|
Pinch Hitting: RHB Teddy Pelham
|
0-0: Foul Ball, location: 2F 0-1: Foul Ball, location: 2F 0-2: SINGLE (Groundball, 56D) Barkley B. Cooltimes scores Chuck Wolf to second
|
Batting: RHB Rafael Pueblo
|
0-0: Swinging Strike 0-1: Ball 1-1: Grounds into double play, 6-4-3 (Groundball, 6) Chuck Wolf to third
|
Batting: RHB Bronson Nicholls
|
0-0: Swinging Strike 0-1: Swinging Strike Passed Ball! Chuck Wolf scores 0-2: Foul Ball, location: 2F 0-2: Ball 1-2: Ball 2-2: Ball 3-2: DOUBLE (Groundball, 3L)
|
Pitching: RHP Cor Snel
|
|
Batting: RHB Ray John
|
0-0: Fly out, F9 (Flyball, 9LS)
|
Top of the 8th over - 2 run(s), 3 hit(s), 0 error(s), 1 left on base; Vermont 4 - Scranton 1 |
BOTTOM OF THE 8TH |
Scranton Supernovas batting - Pitching for Vermont Lake Monsters : RHP Rafael Rodríguez
|
Now at 3B: Teddy Pelham
|
|
Batting: RHB Arturo Maldonado
|
0-0: Called Strike 0-1: Ball 1-1: Ball 2-1: Fly out, F9 (Flyball, 9)
|
Batting: RHB Pedro Rivera
|
0-0: Ball 1-0: Fly out, F2 (Popup, 5S)
|
Batting: LHB Héctor Torres
|
0-0: Called Strike 0-1: Ball 1-1: Ball 2-1: SINGLE (Line Drive, 3D)
|
Batting: RHB Brad Jacobson
|
0-0: Called Strike 0-1: Ball 1-1: Foul Ball, location: 2F 1-2: Strikes out swinging
|
Bottom of the 8th over - 0 run(s), 1 hit(s), 0 error(s), 1 left on base; Vermont 4 - Scranton 1 |
TOP OF THE 9TH |
Vermont Lake Monsters batting - Pitching for Scranton Supernovas : RHP Cor Snel
|
Pitching: RHP Bill Maddox
|
|
Batting: RHB Sean MacKnight
|
0-0: Swinging Strike 0-1: Swinging Strike 0-2: Ball 1-2: Ball 2-2: Ball 3-2: Fly out, F9 (Flyball, 9D)
|
Pitching: LHP Jim Unknown
|
|
Batting: LHB Tim Hill
|
0-0: Swinging Strike 0-1: Ball 1-1: Foul Ball, location: 2F 1-2: Foul Ball, location: 2F 1-2: Ball 2-2: Ball 3-2: Ground out 3-1 (Groundball, 34S)
|
Batting: RHB Domenic Gallard
|
0-0: Ball 1-0: Ball 2-0: Ball 3-0: Called Strike 3-1: Ground out 6-3 (Groundball, 56)
|
Top of the 9th over - 0 run(s), 0 hit(s), 0 error(s), 0 left on base; Vermont 4 - Scranton 1 |
BOTTOM OF THE 9TH |
Scranton Supernovas batting - Pitching for Vermont Lake Monsters : RHP Rafael Rodríguez
|
Pitching: RHP Jim Unknown
|
|
Batting: RHB Arturo Rochel
|
0-0: Ground out 6-3 (Groundball, 6)
|
Batting: LHB Francisco Ortega
|
0-0: Ball 1-0: Swinging Strike 1-1: Ball 2-1: Fly out, F2 (Popup, 2L)
|
Batting: RHB Henrique Shearman
|
0-0: Called Strike 0-1: Ball 1-1: Ball 2-1: Ground out 6-3 (Groundball, 6S)
|
Bottom of the 9th over - 0 run(s), 0 hit(s), 0 error(s), 0 left on base; Vermont 4 - Scranton 1 |
|